 Dungeon Crawl Stone Soup version 0.19-a0-753-gae73b43 (webtiles) character file.

632 epen the Sneak (level 7, -4/33 HPs)
             Began as a Spriggan Enchanter on June 25, 2016.
             Slain by a gnoll
             ... wielding a cursed -1 club
              (9 damage)
             ... on level 4 of the Dungeon.
             The game lasted 00:09:35 (4477 turns).

epen the Sneak (Spriggan Enchanter)                 Turns: 4477, Time: 00:09:36

Health: -4/33      AC:  3    Str:  4    XL:     7   Next: 24%
Magic:  0/14       EV: 21    Int: 17    God:
Gold:   246        SH:  0    Dex: 18    Spells: 3 memorised, 8 levels left

rFire  . . .     SeeInvis +     a - +1 dagger
rCold  . . .     Gourm    .     b - +1 robe
rNeg   . . .     Faith    .     (shield restricted)
rPois  .         Spirit   .     (helmet restricted)
rElec  .         Dismiss  .     (no cloak)
rCorr  .         Reflect  .     (gloves unavailable)
SustAt +         Harm     .     (boots unavailable)
MR     +....                    (no amulet)
Stlth  ++++......               k - ring of wizardry
                                p - ring of sustain attributes

@: very quick, somewhat resistant to hostile enchantments, stealthy
A: unfitting armour, see invisible, herbivore 3, speed 3, slow metabolism 2
a: no special abilities


You were on level 4 of the Dungeon.
You were not hungry.

You visited 1 branch of the dungeon, and saw 4 of its levels.

You collected 246 gold pieces.

Inventory:

Hand Weapons
 a - a +1 dagger (weapon)
Armour
 b - a +1 robe (worn)
Jewellery
 g - an uncursed ring of fire
 k - a ring of wizardry (right hand)
 p - a ring of sustain attributes (left hand)
 q - an uncursed ring of ice
Wands
 r - a wand of iceblast (7/15)
Scrolls
 f - a scroll of fear {unknown}
 i - 3 scrolls of identify
 j - a scroll of teleportation
 l - 3 scrolls of blinking {unknown}
 n - a scroll of immolation {unknown}
 s - a scroll of random uselessness {unknown}
Potions
 e - a potion of degeneration {unknown}
 h - a potion of brilliance {unknown}
 m - a potion of might {unknown}
 t - 2 potions of mutation {unknown}
Books
 c - a book of Maledictions

   Spells                             Type                      Level
   a - Corona                         Hexes                        1
   b - Ensorcelled Hibernation        Hexes/Ice                    2
   c - Confuse                        Hexes                        3
   d - Tukima's Dance                 Hexes                        3
   e - Dazzling Spray                 Conjuration/Hexes            3
Comestibles
 d - a bread ration


   Skills:
 + Level 1.6 Fighting
 + Level 3.2 Short Blades
 + Level 5.4 Dodging
 + Level 6.0 Stealth
 + Level 4.3 Spellcasting
 * Level 5.9 Hexes
 + Level 1.7 Ice Magic


You had 8 spell levels left.
You knew the following spells:

 Your Spells              Type           Power        Failure   Level  Hunger
a - Corona                Hex            ###....      1%          1    None
b - Ensorcelled Hibernat  Hex/Ice        ###...       2%          2    ##.....
c - Confuse               Hex            ###.....     1%          3    ###....


Dungeon Overview and Level Annotations

Branches:
Dungeon (4/15)
 Temple: D:4-7

Altars:
Fedhas
Hepliaklqana
Makhleb
Ru
Yredelemnul


Innate Abilities, Weirdness & Mutations

You are tiny and cannot use many weapons and most armour.
You have supernaturally acute eyesight. (SInv)
You are a herbivore.
You cover ground extremely quickly.
You need consume almost no food.


Message History

An adder zombie comes into view.
The adder zombie moves out of view.
Items here: )) [ † a club; a dagger; a robe; an orc corpse You start resting.
A gnoll is nearby!
Casting: Ensorcelled Hibernation
Confirm with . or Enter, or press ? or * to list all spells.
Aiming: Confuse
Press: ? - help, Shift-Dir - straight line, f - gnoll
Aim: a gnoll, wielding a club (chance to defeat MR: 62%)
The gnoll resists with significant effort.
Casting: Confuse
Confirm with . or Enter, or press ? or * to list all spells.
Aiming: Confuse
Press: ? - help, Shift-Dir - straight line, f/p - gnoll
Aim: a gnoll, wielding a club (chance to defeat MR: 62%)
The gnoll resists with significant effort.
The gnoll hits you with a club!
You die...

###)#####...................##.##
###.#####.........#########.##.#.
...................######........
###.#####.......##........#.....#
#.## #######)....#######.##..<
#..## #######).#.### #.##.#÷
####..###.....))##...### #.##.#.
#..........####.####...# #.##.#.
#..........# #.@.####.# #.#..##
#..........# ###g# #.# #.#.###
...........## #.####.## #... #
#...........# #...##..###..# #
#......)....# ###†##...##..# #
#...........# #)##...##..# #
#.............. #)##....#..####
############### #.##...........
#.###..####........


You could see a gnoll.

Vanquished Creatures
  Duvessa (D:4)
  An ogre (D:3)
  Dowan (D:4)
  2 scorpions
  2 orc priests
  A hound (D:4)
  An iguana (D:4)
  3 worker ants (D:4)
  5 adders
  An ooze (D:1)
  3 worms
  2 dart slugs
  3 giant geckos
  7 orcs
  6 bats
  3 giant cockroaches
  6 goblins
  4 hobgoblins
  8 jackals
  A quokka (D:2)
  A ball python (D:3)
  3 giant newts
  8 kobolds
  9 rats
82 creatures vanquished.

Notes
Turn   | Place    | Note
--------------------------------------------------------------
     0 | D:1      | epen the Spriggan Enchanter began the quest for the Orb.
     0 | D:1      | Reached XP level 1. HP: 9/9 MP: 5/5
     2 | D:1      | Noticed an ogre
     2 | D:1      | Noticed a ghoul
     4 | D:1      | Noticed a halfling
     4 | D:1      | Noticed a minotaur
     6 | D:1      | Noticed a centaur
     6 | D:1      | Noticed a tengu
     8 | D:1      | Noticed a gargoyle
    10 | D:1      | Noticed a naga
    10 | D:1      | Noticed a demigod
    12 | D:1      | Noticed a formicid
    14 | D:1      | Noticed a human
    14 | D:1      | Noticed a draconian
    16 | D:1      | Noticed an octopode
    19 | D:1      | Noticed a dwarf
    19 | D:1      | Noticed a demonspawn
    21 | D:1      | Noticed a troll
    23 | D:1      | Noticed a spriggan
    23 | D:1      | Noticed a vampire
    25 | D:1      | Noticed a felid
    25 | D:1      | Noticed a merfolk
    27 | D:1      | Noticed an elf
    27 | D:1      | Noticed a vine stalker
   338 | D:1      | Reached XP level 2. HP: 13/13 MP: 7/7
   342 | D:1      | Learned a level 2 spell: Ensorcelled Hibernation
   836 | D:2      | Found a faded altar of an unknown god.
   983 | D:2      | Found a sacrificial altar of Ru.
  1207 | D:2      | Found a burning altar of Makhleb.
  1223 | D:2      | Reached XP level 3. HP: 16/16 MP: 8/8
  1251 | D:2      | Learned a level 3 spell: Confuse
  1946 | D:3      | Reached XP level 4. HP: 21/21 MP: 6/10
  2588 | D:3      | Found a hazy altar of Hepliaklqana.
  2618 | D:3      | Found a blossoming altar of Fedhas.
  2873 | D:3      | Found a basalt altar of Yredelemnul.
  2985 | D:4      | Reached skill level 1 in Fighting
  2985 | D:4      | Reached skill level 5 in Stealth
  3003 | D:3      | Reached XP level 5. HP: 13/25 MP: 8/11
  3079 | D:4      | Reached skill level 1 in Ice Magic
  3195 | D:4      | Noticed an ogre
  3443 | D:4      | Reached skill level 5 in Hexes
  3563 | D:3      | Killed an ogre
  3563 | D:3      | Reached XP level 6. HP: 16/30 MP: 4/12
  3996 | D:4      | Noticed Duvessa
  3996 | D:4      | Noticed Dowan
  4009 | D:4      | Killed Duvessa
  4009 | D:4      | Reached skill level 5 in Dodging
  4009 | D:4      | Reached XP level 7. HP: 24/33 MP: 2/14
  4011 | D:4      | Killed Dowan
  4011 | D:4      | Reached skill level 6 in Stealth
  4477 | D:4      | Slain by a gnoll

Vault maps used:
D:1:      kb_arrival_jail
D:2:      lemuel_doored_altar, lemuel_crystal_altar, ecumenical_altar_1,
          serial_forest, infiniplex_forest_3_way, infiniplex_forest_corner_1,
          infiniplex_forest_straight_2, infiniplex_forest_join,
          infiniplex_forest_lined_3_way, hangedman_decor_slide_cut
D:3:      nicolae_overflow_hidden_temple, overflow_temple_1_default,
          fedhas_altar_2
D:4:      first_bread, gammafunk_pakellas_cloud_experiment, uniq_duvessa

Skill      XL: |  1  2  3  4  5  6  7 |
---------------+----------------------+-----
Spellcasting   | 3 4 |  4.3
Hexes          | 4 5 |  5.9
Short Blades   | 2 3 |  3.2
Fighting       | 1 |  1.6
Dodging        | 4 5 |  5.4
Stealth        | 5 6 |  6.0
Ice Magic      | 1 |  1.7

Action                   |  1- 3 |  4- 6 |  7- 9 || total
-------------------------+-------+-------+-------++-------
Melee: Dagger            |    94 |   148 |    33 ||   275
 Cast: Corona            |     1 |       |       ||     1
       Ensorcelled Hiber |    11 |    24 |    13 ||    48
       Confuse           |     1 |    14 |     7 ||    22
  Use: Potion            |       |       |     4 ||     4
       Scroll            |       |       |     2 ||     2
 Stab: Sleeping          |    20 |    20 |     8 ||    48
       Confused          |     1 |    11 |     2 ||    14
       Distracted        |       |     1 |       ||     1
  Eat: Pizza             |       |     1 |       ||     1
       Bread ration      |       |     1 |       ||     1
Armor: Robe              |    20 |     9 |     1 ||    30
Dodge: Dodged            |    70 |    88 |    34 ||   192
